PA
GWINNETT COUNTY BLACK CATS @ WALLA WALLA WALLEYE
08/19/2025
 
TOP OF THE 1ST
Gwinnett County Black Cats batting - Pitching for Walla Walla Walleye : RHP Anatoly Ivanovich
Pitching: RHP Anatoly Ivanovich
Batting: RHB Luis Guerrero 0-0: Ball
1-0: Swinging Strike
1-1: Foul Ball, location: 2F
1-2: Strikes out looking
Batting: LHB Darrell Woodmansee 0-0: Called Strike
0-1: Foul Ball, location: 2F
0-2: Ball
1-2: Strikes out looking
Batting: RHB Dave Shaw 0-0: Ball
1-0: Called Strike
1-1: Ball
2-1: Foul Ball, location: 2F
2-2: SINGLE (Groundball, 6MD)
Batting: SHB Ted Tullo 0-0: Fielders Choice at 2nd, 4-6 (Groundball, 34)
Top of the 1st over - 0 run(s), 1 hit(s), 0 error(s), 0 left on base; Gwinnett County 0 - Walla Walla 0
BOTTOM OF THE 1ST
Walla Walla Walleye batting - Pitching for Gwinnett County Black Cats : LHP Luis Arreola
Pitching: LHP Luis Arreola
Batting: RHB Isuru Tanaka 0-0: Swinging Strike
0-1: Fly out, F8 (Flyball, 8LD)
Batting: RHB Tom Milligan 0-0: Called Strike
0-1: Ball
1-1: Foul Ball, location: 2F
1-2: Fly out, F8 (Flyball, 8LM)
Batting: RHB Joe Dundee 0-0: Called Strike
0-1: Ball
1-1: Ball
2-1: Foul Ball, location: 2F
2-2: Strikes out swinging
Bottom of the 1st over - 0 run(s), 0 hit(s), 0 error(s), 0 left on base; Gwinnett County 0 - Walla Walla 0
TOP OF THE 2ND
Gwinnett County Black Cats batting - Pitching for Walla Walla Walleye : RHP Anatoly Ivanovich
Batting: RHB King Tracy 0-0: Ball
1-0: Swinging Strike
1-1: Fly out, F4 (Line Drive, 4)
Batting: RHB Aaron Taylor 0-0: Called Strike
0-1: Foul Ball, location: 2F
0-2: Fly out, F5 (Line Drive, 56)
Batting: LHB Octávio Ontiveros 0-0: Ball
1-0: Swinging Strike
1-1: Called Strike
1-2: Foul Ball, location: 2F
1-2: Foul Ball, location: 2F
1-2: Strikes out swinging
Top of the 2nd over - 0 run(s), 0 hit(s), 0 error(s), 0 left on base; Gwinnett County 0 - Walla Walla 0
BOTTOM OF THE 2ND
Walla Walla Walleye batting - Pitching for Gwinnett County Black Cats : LHP Luis Arreola
Batting: LHB Michael Malloy 0-0: Ball
1-0: Fly out, F5 (Popup, 5D)
Batting: LHB Gareth Monahan 0-0: Foul Ball, location: 2F
0-1: Foul Ball, location: 2F
0-2: Ball
1-2: Ball
2-2: Strikes out swinging
Batting: LHB Alberto Garza 0-0: Called Strike
0-1: Hit by Pitch
Batting: SHB David Martínez 0-0: Ball
1-0: Ball
2-0: Fly out, F8 (Flyball, 8LM)
Bottom of the 2nd over - 0 run(s), 0 hit(s), 0 error(s), 1 left on base; Gwinnett County 0 - Walla Walla 0
TOP OF THE 3RD
Gwinnett County Black Cats batting - Pitching for Walla Walla Walleye : RHP Anatoly Ivanovich
Batting: RHB Sidney Mackell 0-0: Ground out 5-3 (Groundball, 5L)
Batting: RHB Chang-lit Min 0-0: Ball
1-0: Called Strike
1-1: Foul Ball, location: 2F
1-2: Fly out, F9 (Line Drive, 9)
Batting: RHB Luis Guerrero 0-0: Ball
1-0: Ball
2-0: Ground out 5-3 (Groundball, 5)
Top of the 3rd over - 0 run(s), 0 hit(s), 0 error(s), 0 left on base; Gwinnett County 0 - Walla Walla 0
BOTTOM OF THE 3RD
Walla Walla Walleye batting - Pitching for Gwinnett County Black Cats : LHP Luis Arreola
Batting: RHB Kenneth Noid 0-0: Swinging Strike
0-1: Called Strike
0-2: Ground out 6-3 (Groundball, 56D)
Batting: RHB Joaquín Villarreal 0-0: Ball
1-0: Ball
2-0: Ball
3-0: Base on Balls
Batting: RHB Isuru Tanaka 0-0: Ball
1-0: Swinging Strike
1-1: Ball
2-1: Ball
3-1: Called Strike
3-2: Strikes out swinging
Batting: RHB Tom Milligan 0-0: Foul Ball, location: 2F
0-1: Foul Ball, location: 2F
0-2: Ball
1-2: DOUBLE (Line Drive, 5D)
Joaquín Villarreal to third
Batting: RHB Joe Dundee 0-0: Ball
1-0: Ground out 1-3 (Groundball, 13)
Bottom of the 3rd over - 0 run(s), 1 hit(s), 0 error(s), 2 left on base; Gwinnett County 0 - Walla Walla 0
TOP OF THE 4TH
Gwinnett County Black Cats batting - Pitching for Walla Walla Walleye : RHP Anatoly Ivanovich
Batting: LHB Darrell Woodmansee 0-0: Foul Ball, location: 2F
0-1: SINGLE (Groundball, 4MD)
Batting: RHB Dave Shaw 0-0: Called Strike
0-1: Ball
1-1: Foul Ball, location: 2F
1-2: Strikes out looking
Batting: SHB Ted Tullo 0-0: Ball
1-0: Called Strike
1-1: DOUBLE (Line Drive, 9LM)
Darrell Woodmansee to third
Batting: RHB King Tracy 0-0: Ball
1-0: Ball
2-0: Swinging Strike
2-1: SINGLE (Groundball, 4D)
Darrell Woodmansee scores
Ted Tullo to third
Runner from 3rd tries for Home, SAFE, no throw
Batting: RHB Aaron Taylor 0-0: Called Strike
0-1: Ball
1-1: Foul Ball, location: 2F
1-2: Foul Ball, location: 2F
1-2: Strikes out swinging
Batting: LHB Octávio Ontiveros 0-0: Called Strike
0-1: DOUBLE (Groundball, 5L)
King Tracy to third
Runner from 3rd tries for Home, SAFE, throw made home
Batting: RHB Sidney Mackell 0-0: Ball
1-0: Ball
2-0: Foul Ball, location: 2F
2-1: Foul Ball, location: 2F
2-2: Strikes out looking
Top of the 4th over - 3 run(s), 4 hit(s), 0 error(s), 1 left on base; Gwinnett County 3 - Walla Walla 0
BOTTOM OF THE 4TH
Walla Walla Walleye batting - Pitching for Gwinnett County Black Cats : LHP Luis Arreola
Batting: LHB Michael Malloy 0-0: Ball
1-0: Ball
2-0: Foul Ball, location: 2F
2-1: Ball
3-1: Foul Ball, location: 2F
3-2: Base on Balls
Batting: LHB Gareth Monahan 0-0: Swinging Strike
0-1: Ball
1-1: SINGLE (Groundball, 4MD)
Michael Malloy to second
Runner from 2nd tries for 3rd, SAFE, throw made to third
Batting: LHB Alberto Garza 0-0: Ball
1-0: Ground out 5-3 (Groundball, 56S)
Michael Malloy scores
Gareth Monahan to second
Batting: SHB David Martínez 0-0: Foul Ball, location: 2F
0-1: Fly out, F9 (Flyball, 9LM)
Batting: RHB Kenneth Noid 0-0: Called Strike
0-1: Foul Ball, location: 2F
0-2: Foul Ball, location: 2F
0-2: Ground out 6-3 (Groundball, 56)
Bottom of the 4th over - 1 run(s), 1 hit(s), 0 error(s), 1 left on base; Gwinnett County 3 - Walla Walla 1
TOP OF THE 5TH
Gwinnett County Black Cats batting - Pitching for Walla Walla Walleye : RHP Anatoly Ivanovich
Batting: RHB Chang-lit Min 0-0: Fly out, F9 (Flyball, 9S)
Batting: RHB Luis Guerrero 0-0: Foul Ball, location: 2F
0-1: Swinging Strike
0-2: Ball
1-2: Ball
2-2: Strikes out swinging
Batting: LHB Darrell Woodmansee 0-0: Ground out 5-3 (Groundball, 56S)
Top of the 5th over - 0 run(s), 0 hit(s), 0 error(s), 0 left on base; Gwinnett County 3 - Walla Walla 1
BOTTOM OF THE 5TH
Walla Walla Walleye batting - Pitching for Gwinnett County Black Cats : LHP Luis Arreola
Batting: RHB Joaquín Villarreal 0-0: Ball
1-0: Ball
2-0: Ball
3-0: Called Strike
3-1: Ground out 6-3 (Groundball, 6)
Batting: RHB Isuru Tanaka 0-0: Foul Ball, location: 2F
0-1: Ground out 6-3 (Groundball, 6)
Batting: RHB Tom Milligan 0-0: Foul Ball, location: 2F
0-1: Fly out, F8 (Line Drive, 8RS)
Bottom of the 5th over - 0 run(s), 0 hit(s), 0 error(s), 0 left on base; Gwinnett County 3 - Walla Walla 1
TOP OF THE 6TH
Gwinnett County Black Cats batting - Pitching for Walla Walla Walleye : RHP Anatoly Ivanovich
Batting: RHB Dave Shaw 0-0: Foul Ball, location: 2F
0-1: Ball
1-1: Swinging Strike
1-2: Strikes out swinging
Batting: SHB Ted Tullo 0-0: Called Strike
0-1: Ball
1-1: Ground out 1-3 (Groundball, 15S)
Batting: RHB King Tracy 0-0: Swinging Strike
0-1: Ball
1-1: Foul Ball, location: 2F
1-2: Reached on error, E3 (Groundball, 34)
Batting: RHB Aaron Taylor 0-0: Ground out 6-3 (Groundball, 6M)
Top of the 6th over - 0 run(s), 0 hit(s), 1 error(s), 1 left on base; Gwinnett County 3 - Walla Walla 1
BOTTOM OF THE 6TH
Walla Walla Walleye batting - Pitching for Gwinnett County Black Cats : LHP Luis Arreola
Batting: RHB Joe Dundee 0-0: Ball
1-0: Called Strike
1-1: Ball
2-1: Ground out 6-3 (Groundball, 6)
Batting: LHB Michael Malloy 0-0: Ball
1-0: Ball
2-0: Ball
3-0: Called Strike
3-1: Base on Balls
Pitching: LHP Santiago Gómez
Batting: LHB Gareth Monahan 0-0: Called Strike
0-1: Swinging Strike
0-2: Ball
1-2: Strikes out swinging
Batting: LHB Alberto Garza 0-0: Ball
1-0: Ball
2-0: Called Strike
2-1: Swinging Strike
2-2: Foul Ball, location: 2F
2-2: Fielders Choice at 2nd, 6-4 (Groundball, 56)
Bottom of the 6th over - 0 run(s), 0 hit(s), 0 error(s), 0 left on base; Gwinnett County 3 - Walla Walla 1
TOP OF THE 7TH
Gwinnett County Black Cats batting - Pitching for Walla Walla Walleye : RHP Anatoly Ivanovich
Batting: LHB Octávio Ontiveros 0-0: Ball
1-0: Ground out 4-3 (Groundball, 4M)
Batting: RHB Sidney Mackell 0-0: Foul Ball, location: 2F
0-1: Ball
1-1: SINGLE (Groundball, 15S) (infield hit)
Batting: RHB Chang-lit Min 0-0: Ball
1-0: Ball
2-0: Foul Ball, location: 2F
2-1: Ball
3-1: Foul Ball, location: 2F
3-2: Foul Ball, location: 2F
3-2: Foul Ball, location: 2F
3-2: Strikes out swinging
Batting: RHB Luis Guerrero 0-0: Foul Ball, location: 2F
0-1: Called Strike
Sidney Mackell steals 2nd base
0-2: Ball
1-2: Ground out 6-3 (Groundball, 6)
Top of the 7th over - 0 run(s), 1 hit(s), 0 error(s), 1 left on base; Gwinnett County 3 - Walla Walla 1
BOTTOM OF THE 7TH
Walla Walla Walleye batting - Pitching for Gwinnett County Black Cats : LHP Santiago Gómez
Batting: SHB David Martínez 0-0: Ball
1-0: Called Strike
1-1: Ball
2-1: Ball
3-1: Called Strike
3-2: Ground out 4-3 (Groundball, 4)
Batting: RHB Kenneth Noid 0-0: Swinging Strike
0-1: Fly out, F7 (Line Drive, 7S)
Batting: RHB Joaquín Villarreal 0-0: Ball
1-0: Foul Ball, location: 2F
1-1: Called Strike
1-2: Ball
2-2: Ground out 1-3 (Groundball, P)
Bottom of the 7th over - 0 run(s), 0 hit(s), 0 error(s), 0 left on base; Gwinnett County 3 - Walla Walla 1
TOP OF THE 8TH
Gwinnett County Black Cats batting - Pitching for Walla Walla Walleye : RHP Anatoly Ivanovich
Batting: LHB Darrell Woodmansee 0-0: Ball
1-0: Foul Ball, location: 2F
1-1: Called Strike
1-2: Fly out, F7 (Flyball, 7)
Pitching: LHP Reid Garrett
Batting: RHB Dave Shaw 0-0: Ball
1-0: Ball
2-0: Ground out 6-3 (Groundball, 6)
Batting: SHB Ted Tullo 0-0: Foul Ball, location: 2F
0-1: Foul Ball, location: 2F
0-2: Ball
1-2: Ball
2-2: Ball
3-2: Fly out, F4 (Line Drive, 4)
Top of the 8th over - 0 run(s), 0 hit(s), 0 error(s), 0 left on base; Gwinnett County 3 - Walla Walla 1
BOTTOM OF THE 8TH
Walla Walla Walleye batting - Pitching for Gwinnett County Black Cats : LHP Santiago Gómez
Batting: RHB Isuru Tanaka 0-0: Called Strike
0-1: Swinging Strike
0-2: Ball
1-2: Ball
2-2: Ball
3-2: DOUBLE (Line Drive, 7)
Pitching: LHP John Orton
Batting: RHB Tom Milligan 0-0: Called Strike
0-1: Ball
1-1: Swinging Strike
1-2: Strikes out swinging
Pitching: RHP Cisco Andr
Batting: RHB Joe Dundee 0-0: Called Strike
0-1: Ball
1-1: Ball
2-1: Foul Ball, location: 2F
2-2: Fly out, F5 (Line Drive, 56)
Pitching: LHP Steven Boxx
Batting: LHB Michael Malloy 0-0: Swinging Strike
0-1: Ball
1-1: Called Strike
1-2: Strikes out swinging
Bottom of the 8th over - 0 run(s), 1 hit(s), 0 error(s), 1 left on base; Gwinnett County 3 - Walla Walla 1
TOP OF THE 9TH
Gwinnett County Black Cats batting - Pitching for Walla Walla Walleye : LHP Reid Garrett
Batting: RHB King Tracy 0-0: Ball
1-0: Swinging Strike
1-1: Foul Ball, location: 2F
1-2: Ball
2-2: SINGLE (Groundball, 34S) (infield hit)
Batting: RHB Aaron Taylor 0-0: Bunted foul
0-1: Bunted foul
0-2: Foul Ball, location: 2F
0-2: Ball
1-2: Ball
2-2: Ground out 5-3 (Groundball, 56S)
King Tracy to second
Batting: LHB Octávio Ontiveros 0-0: Ball
1-0: Foul Ball, location: 2F
1-1: Ball
2-1: Called Strike
2-2: Ball
Wild Pitch!
King Tracy to third
3-2: Strikes out swinging
Batting: RHB Sidney Mackell 0-0: Ball
1-0: Foul Ball, location: 2F
1-1: Ball
2-1: Foul Ball, location: 2F
2-2: Strikes out swinging
Top of the 9th over - 0 run(s), 1 hit(s), 0 error(s), 1 left on base; Gwinnett County 3 - Walla Walla 1
BOTTOM OF THE 9TH
Walla Walla Walleye batting - Pitching for Gwinnett County Black Cats : LHP Steven Boxx
Pitching: RHP Nick Fowler
Batting: LHB Gareth Monahan 0-0: Called Strike
0-1: SINGLE (Line Drive, 34D)
Batting: LHB Alberto Garza 0-0: Ball
1-0: Called Strike
1-1: Foul Ball, location: 2F
1-2: Fly out, F7 (Flyball, 7)
Batting: SHB David Martínez 0-0: Called Strike
0-1: Ball
1-1: Foul Ball, location: 2F
1-2: Foul Ball, location: 2F
1-2: Fielders Choice at 2nd, 1-6 (Groundball, 13)
Pinch Hitting: RHB Jerry Duke 0-0: Ball
1-0: Ball
2-0: Swinging Strike
2-1: Swinging Strike
Pickoff Throw to First - Error! E1
David Martínez to second
2-2: Ball
3-2: Ground out 5-3 (Groundball, 56)
Bottom of the 9th over - 0 run(s), 1 hit(s), 1 error(s), 1 left on base; Gwinnett County 3 - Walla Walla 1
Friday, December 30th, 2016 - OOTP Baseball 17.12 Build 75